 Dungeon Crawl Stone Soup version 0.28-a0-938-gbc3f381ebc (webtiles) character file.

Game seed: 6191321045581345199

1125 Sabo the Covered (level 8, -1/62 HPs)
             Began as a Formicid Fighter on Nov 28, 2021.
             Succumbed to a gnoll's poison
             ... on level 5 of the Dungeon.
             The game lasted 00:22:54 (5486 turns).

Sabo the Covered (Formicid Fighter)                 Turns: 5486, Time: 00:22:54

Health: -1/62      AC: 12    Str: 23    XL:     8   Next: 61%
Magic:  8/8        EV:  8    Int:  7    God:
Gold:   247        SH:  5    Dex: 11    Spells: 7/7 levels left

rFire   . . .      SeeInvis +   u - +2 flail (vorpal)
rCold   . . .      Faith    .   c - +0 buckler
rNeg    . . .      Spirit   .   l - +0 chain mail
rPois   .          Reflect  .   (helmet unavailable)
rElec   .          Harm     .   (no cloak)
rCorr   .          Rampage  .   w - +0 pair of gloves
Will    .....                   i - +0 pair of boots
Stlth   ..........              (no amulet)
HPRegen 0.20/turn               (no ring)
MPRegen 0.11/turn               (no ring)

@: brilliant, lethally poisoned (-1 -> -41), flying
A: permanent stasis, dig shafts and tunnels, antennae 3, four strong arms
a: Dig, Shaft Self


You were on level 5 of the Dungeon.
You visited 1 branch of the dungeon, and saw 5 of its levels.

You collected 247 gold pieces.

Inventory:

Hand Weapons
 a - a +1 war axe
 f - a +0 hunting sling
 q - a +2 flail of draining
 s - a +0 shortbow
 u - a +2 vorpal flail (weapon)
 x - a +1 mace of venom
Missiles
 d - 7 poisoned darts
 h - 34 sling bullets
 n - 19 arrows
 p - 9 boomerangs
 v - a throwing net
Armour
 c - a +0 buckler (worn)
 i - a +0 pair of boots (worn)
 l - a +0 chain mail (worn)
 w - a +0 pair of gloves (worn)
Jewellery
 t - a +6 ring of intelligence
Wands
 y - a wand of acid (7)
Scrolls
 b - a scroll of brand weapon {unknown}
 g - a scroll of holy word {unknown}
 o - a scroll of identify {unknown}
 r - a scroll of amnesia {unknown}
Potions
 e - a potion of flight
 j - a potion of brilliance
 m - a potion of berserk rage {unknown}


   Skills:
 + Level 5.2 Fighting
 + Level 5.1(5.9) Axes
 + Level 4.4(5.5) Maces & Flails
 + Level 5.7 Armour
 + Level 1.5 Dodging
 + Level 1.0 Stealth
 + Level 5.1 Shields


You had 7 spell levels left.
You didn't know any spells.
Your spell library contained the following spells:

 Spells                   Type           Power      Damage    Failure   Level
 Sandblast                Erth           0%         2d4       97%         1
 Passwall                 Tmut/Erth      0%         N/A       99%         2
 Stone Arrow              Conj/Erth      0%         3d7       100%        3


Dungeon Overview and Level Annotations

Branches:
Dungeon (5/15)
 Temple: D:4-7

Altars:
Yredelemnul


Innate Abilities, Weirdness & Mutations

You cannot be hasted, slowed, berserked, paralysed or teleported.
You can dig through walls and to a lower floor.
You have a pair of large antennae on your head. (SInv)
Your four strong arms can wield two-handed weapons with a shield.


Message History

It was a potion of heal wounds.
You feel much better.
You feel very sick. The gnoll barely misses you.
The gnoll shaman hits you but does no damage.
The gnoll hits you from afar with a +0 spear.
The gnoll hits you with a +1 whip of venom.
* * * LOW HITPOINT WARNING * * *
You are lethally poisoned!
You closely miss the gnoll.
* * * LOW HITPOINT WARNING * * *
You feel extremely sick. You block the gnoll's attack.
You block the gnoll shaman's attack. The gnoll closely misses you.
The gnoll barely misses you.
The gnoll shaman hits you but does no damage.
You barely miss the gnoll.
* * * LOW HITPOINT WARNING * * *
You feel very sick. The gnoll hits you but does no damage.
You are more poisoned.
The gnoll barely misses you.
The gnoll shaman hits you but does no damage.
You feel much better.
* * * LOW HITPOINT WARNING * * *
You feel very sick. The gnoll hits you but does no damage.
You are more poisoned.
You block the gnoll's attack. The gnoll barely misses you.
The gnoll shaman barely misses you.
You sock the gnoll shaman!
You kill the gnoll shaman!
* * * LOW HITPOINT WARNING * * *
You feel extremely sick. The gnoll hits you but does no damage.
You are more poisoned.
The gnoll hits you but does no damage. x2
You are more poisoned.
Your Stealth skill increases to level 1!
You hit the gnoll.
The gnoll is moderately wounded.
You die...

.....#.#..#.#^...#.#
.....#.#......#.##.#
.....#.#..#.#.#..#.# #
.....#.#...........#.###
######.#<...###....#....
.......##...............
########.............#..
####.###.######..........
.....†.........)@##..#...
#.##.#...(.....#g###.#...
#.##.#..######.#gg.......
#.##.##.# #.#..#.#..#
#.##..#.######.#.).(..##.
#.###.#.##.....)..#.#....
#.# .#.#......#......###
#.# .#.#...<...<#.####
#.# .# #..###....:..


You could see 3 gnolls.

Vanquished Creatures
  The ghost of bearlyready the Shooter, an amateur MiHu (D:3)
  Menkaure (D:4)
  A necrophage (D:5)
  A phantom (D:2)
  Blork the orc (D:4)
  A bullfrog (D:3)
  A scorpion (D:5)
  2 hounds (D:4)
  3 orc priests
  A gnoll shaman (D:5)
  A bullfrog skeleton (D:4)
  3 iguanas
  Terence (D:3)
  A hound zombie (D:3)
  4 gnolls (D:4)
  7 adders
  A white imp (D:5)
  2 worms
  A dart slug (D:4)
  14 orcs
  10 bats
  4 endoplasms
  4 giant cockroaches
  2 goblins (D:1)
  8 hobgoblins
  5 kobolds
  4 quokkas
  8 ball pythons
  5 rats
98 creatures vanquished.

Notes
Turn   | Place    | Note
-------+----------+-------------------------------------------
     0 | D:1      | Sabo the Formicid Fighter began the quest for the Orb.
     0 | D:1      | Reached XP level 1. HP: 18/18 MP: 1/1
   168 | D:1      | Reached XP level 2. HP: 20/24 MP: 2/2
  1165 | D:2      | Reached XP level 3. HP: 22/29 MP: 3/3
  1734 | D:2      | Reached XP level 4. HP: 28/35 MP: 4/4
  1850 | D:2      | Noticed a phantom
  1861 | D:2      | Killed a phantom
  1862 | D:2      | Reached XP level 5. HP: 22/42 MP: 5/5
  2193 | D:2      | Found a basalt altar of Yredelemnul.
  2609 | D:3      | Reached XP level 6. HP: 38/48 MP: 6/6
  3061 | D:3      | Found a faded altar of an unknown god.
  3062 | D:3      | Noticed a great orb of eyes
  3065 | D:3      | Noticed a shining eye
  3067 | D:3      | Noticed an eye of devastation
  3067 | D:3      | Noticed an eye of devastation
  3140 | D:3      | Found a runed translucent door.
  3145 | D:3      | Noticed bearlyready's ghost (amateur MiHu)
  3342 | D:3      | Noticed Terence
  3350 | D:3      | Killed Terence
  3351 | D:3      | Reached skill level 1 in Dodging
  3580 | D:3      | Killed bearlyready's ghost
  3581 | D:3      | Reached skill level 1 in Maces & Flails
  3581 | D:3      | Reached skill level 5 in Armour
  3581 | D:3      | Reached XP level 7. HP: 33/55 MP: 7/7
  3913 | D:4      | Reached skill level 5 in Axes
  4331 | D:4      | Noticed Menkaure
  4339 | D:4      | Killed Menkaure
  4340 | D:4      | Reached XP level 8. HP: 56/61 MP: 8/8
  4743 | D:4      | Reached skill level 5 in Shields
  5175 | D:4      | Noticed Blork the orc
  5184 | D:4      | Killed Blork the orc
  5360 | D:5      | Entered Level 5 of the Dungeon
  5476 | D:5      | Reached skill level 5 in Fighting
  5486 | D:5      | Reached skill level 1 in Stealth
  5486 | D:5      | Succumbed to a gnoll's poison

Illustrated notes

Levels and vault maps discovered:
D:1:      lightli_arrival_chessboard, layout_rooms
D:2:      layout_basic, basic_altar, minmay_hexomino_c4
D:3:      layout_basic, ebering_ghost_sewer_d,
          hellmonk_ecumenical_altar_watching_god, minmay_splitting_lines,
          uniq_terence
D:4:      layout_loops_corners, uniq_menkaure, uniq_blork_the_orc
D:5:      layout_loops_ring, dancing_weapons_uskayaw,
          minmay_temple_entry_offerings, serial_co_window_serial,
          co_window_paths_a, co_window_paths_a, co_window_paths_b,
          co_window_corner_a, co_window_paths_a, co_window_paths_a,
          co_window_cross_1, co_window_2corner, co_window_cross_2,
          co_window_corner_b, co_window_2corner, co_window_of_opportunity_b,
          co_window_corner_cb, glass_columns_a, glass_columns_a,
          glass_columns_a, glass_columns_b, glass_columns_a, serial_shops,
          nicolae_shop_temple_entry_statues_fountains

Skill      XL: |  1  2  3  4  5  6  7  8 |
---------------+-------------------------+-----
Shields        | 4 5 |  5.1
Armour         | 4 5 |  5.7
Axes           | 3 4 5 |  5.1
Fighting       | 4 5 |  5.2
Dodging        | 1 |  1.5
Maces & Flails | 1 2 4 |  4.4
Stealth        | 1 |  1.0

Action                   |  1- 3 |  4- 6 |  7- 9 || total
-------------------------+-------+-------+-------++-------
Melee: War axe           |   116 |    83 |       ||   199
       Flail             |       |    25 |   107 ||   132
 Abil: Dig               |     1 |     7 |     2 ||    10
  Use: Scroll            |     1 |       |     3 ||     4
       Potion            |       |     1 |     4 ||     5
Armor: Scale mail        |    65 |       |       ||    65
       Chain mail        |    12 |    67 |    60 ||   139
Dodge: Dodged            |    55 |    51 |    52 ||   158
Block: Buckler           |    28 |    25 |    35 ||    88

Table legend: (Time is in decaauts)
 A = Elapsed time spent in this place.
 B = Non-inter-level travel time spent in this place.
 C = Inter-level travel time spent in this place.
 D = Time resting spent in this place.
 E = Time spent auto-exploring this place.
 F = Levels seen in this place.
 G = Mean time per level.
                   A        B        C        D        E       F      G
               +--------+--------+--------+--------+--------+-----+--------+
         Total |   5593 |   5593 |      0 |   2115 |      0 |   5 | 1118.6 |
       Dungeon |   5593 |   5593 |      0 |   2115 |      0 |   5 | 1118.6 |
               +--------+--------+--------+--------+--------+-----+--------+

Top non-repeatable levels by time:
     D:4: 1637 daAuts
     D:2: 1378 daAuts
     D:3: 1280 daAuts
     D:1: 1167 daAuts
     D:5: 130 daAuts
